 Dungeon Crawl Stone Soup version 0.30-a0-21-g5d08c37080 (webtiles) character file.

Game seed: 14806684785088585863

3842 Tyranthos the Poker (level 9, 0/68 (75) HPs)
             Began as a Grey Draconian Fighter on Aug 24, 2022.
             Was a Follower of Kikubaaqudgha.
             Slain by void236's ghost (6 damage)
             ... on level 8 of the Dungeon.
             The game lasted 00:20:54 (9529 turns).

Tyranthos the Poker (Grey Draconian Fighter)        Turns: 9529, Time: 00:20:54

HP:   0/68 (75)     AC: 13    Str: 25    XL:     9   Next: 98%
MP:   0/17          EV: 13    Int: 12    God:    Kikubaaqudgha [*.....]
Gold: 174           SH:  5    Dex: 11    Spells: 7/19 levels left

rFire   . . .      SeeInvis .    a - +4 trident (vorpal)
rCold   . . .      Faith    .    b - +0 buckler
rNeg    . . .      Spirit   +    (body armour unavailable)
rPois   .          Reflect  .    (helmet restricted)
rElec   .          Harm     .    q - scarf {+Inv}
rCorr   .          Rampage  .    (no gloves)
Will    .....                    n - +0 pair of boots
Stlth   ++........               k - amulet of guardian spirit
HPRegen 0.21/turn                f - +6 ring of strength
MPRegen 0.15/turn                l - ring of flight

@: animating dead, flying, hasted, drained, very quick
A: AC +12, amphibious, unfitting armour, cold-blooded, hooves 1, subdued magic 1
a: Renounce Religion, Evoke Invisibility, Unearth Wretches


You were on level 8 of the Dungeon.
You worshipped Kikubaaqudgha.
Kikubaaqudgha was aware of your devotion.
You visited 2 branches of the dungeon, and saw 9 of its levels.

You collected 304 gold pieces.
You spent 130 gold pieces at shops.

Inventory:

Hand Weapons
 a - a +4 vorpal trident (weapon)
Armour
 b - a +0 buckler (worn)
 h - a +0 cloak
 i - a +0 pair of boots
 n - a +0 pair of boots (worn)
 q - a scarf of invisibility (worn)
Magical Staves
 r - a staff of conjuration
Jewellery
 f - a +6 ring of strength (left hand)
 k - an amulet of guardian spirit (around neck)
 l - a ring of flight (right hand)
Wands
 d - a wand of digging (4)
 s - a wand of flame (6)
 y - a wand of iceblast (8)
 z - a wand of paralysis (8)
Scrolls
 g - 3 scrolls of fog
 m - 2 scrolls of fear
 o - 2 scrolls of teleportation
Potions
 c - a potion of might
 e - 2 potions of brilliance
 p - a potion of attraction
 u - a potion of berserk rage {unknown}
 w - a potion of resistance {unknown}
 x - a potion of lignification {unknown}


   Skills:
 + Level 5.7 Fighting
 + Level 7.8 Polearms
 + Level 5.6 Dodging
 + Level 3.5 Stealth
 + Level 4.9 Shields
 * Level 5.8 Spellcasting
 * Level 4.7 Necromancy
 + Level 1.6 Evocations


You had 7 spell levels left.
You knew the following spells:

 Your Spells              Type           Power      Damage    Failure   Level
a - Necrotise             Necr           44%        1d6       2%          1
b - Vampiric Draining     Necr           11%        2d6       8%          3
c - Animate Dead          Necr           11%        N/A       28%         4
d - Anguish               Hex/Necr       3%         N/A       61%         4

Your spell library contained the following spells:

 Spells                   Type           Power      Damage    Failure   Level
 Apportation              Tloc           4%         N/A       21%         1
 Magic Dart               Conj           8%         1d3       21%         1
 Summon Small Mammal      Summ           8%         N/A       21%         1
 Call Imp                 Summ           2%         N/A       30%         2
 Scorch                   Fire           4%         2d5       30%         2
 Mephitic Cloud           Conj/Pois/Air  2%         N/A       52%         3
 Agony                    Necr           11%        N/A       63%         5
 Flame Wave               Conj/Fire      2%         2d4       91%         4
 Blade Hands              Tmut           1%         N/A       99%         5
 Fireball                 Conj/Fire      1%         3d3       99%         5
 Iron Shot                Conj/Erth      1%         9d1       100%        6
 Starburst                Conj/Fire      1%         6d3       100%        6
 Summon Cactus Giant      Summ           1%         N/A       100%        6
 Ignition                 Fire           1%         3d3       100%        8
 Animate Armour           Summ/Erth      Unusable   N/A       N/A         4

Dungeon Overview and Level Annotations

Branches:
Dungeon (8/15)             Temple (1/1) D:4
   Lair: D:8-11

Altars:
Ashenzari
Cheibriados
Dithmenos
Elyvilon
Fedhas
Hepliaklqana
Kikubaaqudgha
Makhleb
Nemelex Xobeh
Okawaru
Qazlal
Ru
Trog
Uskayaw
Vehumet
Wu Jian
Xom
Yredelemnul
Zin
The Shining One

Shops:
D:5 *

Annotations:
D:8 void236's ghost, novice DrMo


Innate Abilities, Weirdness & Mutations

Your dull iron-grey scales are very hard. (AC +12)
You are amphibious.
You cannot fit into any form of body armour.
You are cold-blooded and may be slowed by cold attacks.
You have large cloven feet.
Your spells are a little easier to cast, but a little less powerful.


Message History

The nine-headed hydra bites you!
The nine-headed hydra closely misses you.
The nine-headed hydra bites you.
You block the nine-headed hydra's attack. x2
The nine-headed hydra completely misses you.
The nine-headed hydra closely misses you. x2
You puncture the nine-headed hydra!
The nine-headed hydra is heavily wounded.
Your bullfrog zombie barely misses the nine-headed hydra.
Unknown command.
You hit the nine-headed hydra. You tail-slap the nine-headed hydra.
The nine-headed hydra is severely wounded.
The nine-headed hydra bites you.
The nine-headed hydra bites you but does no damage.
The nine-headed hydra misses you. The nine-headed hydra bites you!
The nine-headed hydra barely misses you.
The nine-headed hydra bites you. The nine-headed hydra bites you!
The nine-headed hydra bites you. The nine-headed hydra misses you.
Your bullfrog zombie hits the nine-headed hydra.
You hit the nine-headed hydra.
The nine-headed hydra is severely wounded.
You block void236's ghost's attack.
Your bullfrog zombie hits the nine-headed hydra.
The nine-headed hydra bites you!
* * * LOW HITPOINT WARNING * * *
The nine-headed hydra closely misses you.
The nine-headed hydra barely misses you.
The nine-headed hydra bites you but does no damage.
You block the nine-headed hydra's attack.
The nine-headed hydra bites you but does no damage.
The nine-headed hydra bites you!
* * * LOW HITPOINT WARNING * * *
The nine-headed hydra closely misses you.
The nine-headed hydra bites you but does no damage.
As you read the scroll of fear, it crumbles to dust.
You assume a fearsome visage.
Void236's ghost is unaffected.
The nine-headed hydra resists with some effort.
Void236's ghost hits you!
You die...
Kikubaaqudgha rasps: "You have failed me!
Welcome... death!"

##.#.# #......................#
#....####....................##
##.....#
#..........8.#.#.#.#(⌠#
#......#
######.....#######.#_##
#......# #♣♣♣##....###########
.......# #♣....#....##.....##
.......##♣.....'....###.....##
........#♣?.)..WZ..## #......##
........#~.....D@..# #.......##
........##♣..?.#...#
#........##
.........##.~~##Z..#
##.........#
.........########..#
#..........# ........## #..#
#........... ....###.## #..#
#........... ##### #..# #..#
#........... #..#
#..###........... #..#
####...##...........


You could see a nine-headed hydra (ally target), void236's ghost, a friendly
bullfrog zombie and a friendly worm zombie.

Vanquished Creatures
  Grinder (D:5)
  Prince Ribbit (D:8)
  A wyvern (D:6)
  2 steam dragons
  Edmund (D:5)
  2 water moccasins
  Duvessa (D:6)
  2 orc warriors
  A black bear (D:3)
  2 sky beasts (D:7)
  3 ogres
  3 phantoms
  3 necrophages (D:6)
  A scorpion (D:4)
  4 bullfrogs
  8 wights
  Dowan (D:6)
  A howler monkey (D:7)
  2 jellies
  2 orc priests
  Crazy Yiuf (D:5)
  A hound (D:4)
  4 iguanas
  Jessica (D:3)
  Ijyb (D:4)
  8 orc wizards
  5 adders
  4 shadow imps
  3 white imps (D:7)
  An ufetubus (D:5)
  2 worms
  2 dart slugs
  29 orcs
  6 endoplasms
  2 giant cockroaches
  3 goblins
  12 hobgoblins
  3 jackals (D:4)
  9 kobolds
  4 quokkas
  8 ball pythons
  5 bats
  2 frilled lizards
  6 rats
164 creatures vanquished.

Vanquished Creatures (collateral kills)
  A jelly (D:5)
  An iguana (D:5)
2 creatures vanquished.

Vanquished Creatures (others)
  4 orcs (D:6)
  An endoplasm (D:8)
  2 plants (D:8)
7 creatures vanquished.

Grand Total: 173 creatures vanquished

Notes
Turn   | Place    | Note
-------+----------+-------------------------------------------
     0 | D:1      | Tyranthos the Draconian Fighter began the quest for the
                  | Orb.
     0 | D:1      | Reached XP level 1. HP: 19/19 MP: 1/1
   257 | D:1      | Reached XP level 2. HP: 26/26 MP: 2/2
   595 | D:1      | Found a faded altar of an unknown god.
   869 | D:2      | Reached XP level 3. HP: 28/31 MP: 4/4
  1351 | D:3      | Reached skill level 1 in Spellcasting
  1483 | D:3      | Reached XP level 4. HP: 21/40 MP: 5/5
  1583 | D:3      | Reached skill level 3 in Polearms
  1849 | D:3      | Noticed Jessica
  1945 | D:3      | Killed Jessica
  1946 | D:3      | Reached XP level 5. HP: 39/46 MP: 7/7
  2054 | D:3      | Noticed a black bear
  2062 | D:3      | Killed a black bear
  2231 | D:3      | Reached XP level 6. HP: 48/52 MP: 9/9
  2639 | D:4      | Reached skill level 4 in Polearms
  2847 | D:4      | Reached skill level 1 in Stealth
  3169 | D:4      | Your scales start taking on a dull iron-grey colour.
  3169 | D:4      | Reached XP level 7. HP: 50/55 MP: 8/11
  3207 | D:4      | Noticed Ijyb
  3225 | D:4      | Killed Ijyb
  3661 | D:4      | Found a staircase to the Ecumenical Temple.
  3712 | Temple   | Entered the Ecumenical Temple
  3719 | Temple   | Became a worshipper of Kikubaaqudgha
  3740 | D:5      | Entered Level 5 of the Dungeon
  3752 | D:5      | Reached skill level 5 in Polearms
  3798 | D:5      | Noticed Edmund
  3822 | D:5      | Killed Edmund
  4209 | D:5      | Reached skill level 1 in Evocations
  4218 | D:5      | Reached skill level 1 in Necromancy
  4218 | D:5      | Reached XP level 8. HP: 55/67 MP: 13/13
  4373 | D:5      | Noticed Grinder
  4388 | D:5      | Killed Grinder
  4477 | D:5      | Found Eliushi's General Store.
  4490 | D:5      | Bought a potion of mutation for 104 gold pieces
  4490 | D:5      | Bought a scroll of identify for 26 gold pieces
  4531 | D:5      | Gained mutation: Your spells are a little easier to cast,
                  | but a little less powerful. [potion of mutation]
  4531 | D:5      | Gained mutation: You have large cloven feet. [potion of
                  | mutation]
  4549 | D:5      | Reached skill level 6 in Polearms
  4621 | D:5      | Found a runed translucent door.
  4622 | D:5      | Noticed Crazy Yiuf
  5044 | D:5      | Killed Crazy Yiuf
  5190 | D:6      | Found a sparkling altar of Nemelex Xobeh.
  5197 | D:6      | Reached skill level 5 in Fighting
  5652 | D:6      | Reached * piety under Kikubaaqudgha
  5652 | D:6      | Received a gift from Kikubaaqudgha
  5661 | D:6      | Reached XP level 9. HP: 36/74 MP: 6/15
  5667 | D:6      | Learned a level 1 spell: Necrotise
  5671 | D:6      | Learned a level 3 spell: Vampiric Draining
  5676 | D:6      | Learned a level 4 spell: Animate Dead
  5681 | D:6      | Learned a level 4 spell: Anguish
  5818 | D:6      | Found a bloodstained altar of Trog.
  5819 | D:6      | Found a white marble altar of Elyvilon.
  5820 | D:6      | Noticed Duvessa
  5821 | D:6      | Found a blossoming altar of Fedhas.
  5822 | D:6      | Noticed Dowan
  5843 | D:6      | Killed Duvessa
  5844 | D:6      | Reached skill level 7 in Polearms
  5844 | D:6      | Found a radiant altar of Vehumet.
  5844 | D:6      | Found an ornate altar of the Wu Jian Council.
  5845 | D:6      | Found a stormy altar of Qazlal.
  5854 | D:6      | Killed Dowan
  5855 | D:6      | Reached skill level 5 in Dodging
  6402 | D:7      | Reached skill level 5 in Spellcasting
  7474 | D:7      | HP: 3/72 [poisoned by an orc wizard]
  7477 | D:7      | HP: 1/72 [poisoned by an orc wizard]
  7971 | D:8      | HP: 2/74 [poisoned by an orc wizard]
  8473 | D:8      | Noticed Prince Ribbit
  8485 | D:8      | Killed Prince Ribbit
  8837 | D:8      | Found a runed translucent gate.
  9141 | D:8      | Found a runed translucent gate.
  9142 | D:8      | Found a runed translucent gate.
  9143 | D:8      | Noticed a nine-headed hydra
  9144 | D:8      | Noticed void236's ghost (novice DrMo)
  9151 | D:8      | Found a glowing silver altar of Zin.
  9162 | D:8      | Identified the +4 ring mail of the Harvest {rElec}
  9328 | D:8      | Found a shadowy altar of Dithmenos.
  9529 | D:8      | Slain by void236's ghost

Illustrated notes

Levels and vault maps discovered:
D:1:      elethiomel_arrival_shortcut, layout_basic,
          shapermc_ecumenical_altar_hornbeckon, minmay_misc_feat_four_crosses
D:2:      layout_basic
D:3:      layout_rooms, uniq_jessica
D:4:      layout_basic, minmay_temple_entry_proselytizer, uniq_ijyb
D:5:      layout_basic, serial_shops, nicolae_shop_trees, nicolae_eternal_life,
          uniq_grinder, uniq_crazy_yiuf_cottage, uniq_edmund
D:6:      layout_rooms, grunt_temple_overflow_open, old_standard_altar,
          uniq_duvessa
D:7:      layout_cave_pods
D:8:      layout_cave_pods, minitemple, gammafunk_ghost_hydra_chop,
          hangedman_decor_lopped, uniq_prince_ribbit1
Temple:   nicolae_temple_ecumenical_triangle

Skill      XL: |  1  2  3  4  5  6  7  8  9 |
---------------+----------------------------+-----
Dodging        | 3 4 5 |  5.6
Spellcasting   | 1 2 3 4 5 |  5.8
Polearms       | 3 4 5 6 7 |  7.8
Fighting       | 4 5 |  5.7
Stealth        | 1 2 3 |  3.5
Evocations     | 1 |  1.6
Necromancy     | 1 2 4 |  4.7
Shields        | 4 |  4.9

Action                   |  1- 3 |  4- 6 |  7- 9 || total
-------------------------+-------+-------+-------++-------
Melee: Trident           |   109 |   165 |   342 ||   616
       Tailslap          |    10 |    16 |    37 ||    63
 Cast: Necrotise         |       |       |    23 ||    23
       Vampiric Draining |       |       |     7 ||     7
       Animate Dead      |       |       |     1 ||     1
Invok: Unearth Wretches  |       |       |     1 ||     1
 Abil: Evoke Invisibilit |       |     1 |     1 ||     2
  Use: Scroll            |     6 |     6 |    14 ||    26
       Potion            |       |     3 |    10 ||    13
 Stab: Sleeping          |     1 |       |     9 ||    10
       Invisible         |       |     1 |     1 ||     2
       Paralysed         |       |       |     2 ||     2
Armor: Skin              |    35 |    58 |   150 ||   243
Dodge: Dodged            |    70 |   116 |   218 ||   404
Block: Buckler           |    20 |    38 |    79 ||   137

Table legend: (Time is in decaauts)
 A = Elapsed time spent in this place.
 B = Non-inter-level travel time spent in this place.
 C = Inter-level travel time spent in this place.
 D = Time resting spent in this place.
 E = Time spent auto-exploring this place.
 F = Levels seen in this place.
 G = Mean time per level.
                   A        B        C        D        E       F      G
               +--------+--------+--------+--------+--------+-----+--------+
         Total |   9568 |   9256 |    312 |      0 |   7882 |   9 | 1063.1 |
       Dungeon |   9544 |   9247 |    297 |      0 |   7878 |   8 | 1193.0 |
        Temple |     23 |      8 |     15 |      0 |      4 |   1 |   23.0 |
               +--------+--------+--------+--------+--------+-----+--------+

Top non-repeatable levels by time:
     D:7: 1617 daAuts
     D:8: 1577 daAuts
     D:5: 1432 daAuts
     D:4: 1362 daAuts
     D:6: 1143 daAuts
     D:3: 1095 daAuts
     D:1: 741 daAuts
     D:2: 575 daAuts
  Temple: 23 daAuts
